 Dungeon Crawl Stone Soup version 0.20-a0-2-g2b0e13a (webtiles) character file.

30 Naow the Skirmisher (level 3, 0/58 HPs)
             Began as an Ogre Hunter on Oct 28, 2016.
             Succumbed to an adder's poison
             ... on level 2 of the Dungeon.
             The game lasted 00:01:39 (956 turns).

Naow the Skirmisher (Ogre Hunter)                    Turns: 956, Time: 00:01:40

Health: 0/58       AC: 21    Str: 18    XL:     3   Next: 20%
Magic:  3/3        EV:  1    Int: 10    God:
Gold:   74         SH:  0    Dex: 10    Spells: 0 memorised, 2 levels left

rFire  . . .     SeeInvis .     l - +0 mace
rCold  . . .     Gourm    .     (armour currently unavailable)
rNeg   + + +     Faith    .     (no shield)
rPois  +         Spirit   .     (helmet currently unavailable)
rElec  .         Reflect  .     (cloak currently unavailable)
rCorr  .         Harm     .     (gloves unavailable)
MR     .....     NoTele   +     (boots unavailable)
Stlth  +.........               (no amulet)
                                (no ring)
                                (no ring)

@: lethally poisoned (0 -> -1), tree-form, very slightly contaminated, hasted,
invisible, very quick
A: unfitting armour, (tough skin 0)
a: no special abilities


You were on level 2 of the Dungeon.
You were not hungry.
You were a tree.
You visited 1 branch of the dungeon, and saw 2 of its levels.

You collected 74 gold pieces.

Inventory:

Hand Weapons
 a - a +0 short sword
 l - a +0 mace (weapon)
Missiles
 c - 5 large rocks (quivered)
 d - 2 throwing nets
Armour
 b - a +0 robe (melded)
Jewellery
 j - an uncursed ring of protection from fire {unknown}
 n - a cursed -2 ring of evasion {unknown}
Scrolls
 h - 2 scrolls of noise {unknown}
 m - a scroll of identify
 p - a scroll of remove curse
Potions
 e - a potion of agility
 k - a potion of lignification
Comestibles
 f - a bread ration
 o - a meat ration
 q - 2 chunks of flesh


   Skills:
 + Level 4.2 Fighting
 + Level 1.6 Maces & Flails
 - Level 4.0 Throwing
 - Level 1.7 Dodging
 - Level 0.6 Stealth


You had 2 spell levels left.
You didn't know any spells.

Dungeon Overview and Level Annotations

Branches:
Dungeon (2/15)

Altars:


Innate Abilities, Weirdness & Mutations

You are too large for most types of armour.
((You have tough skin. (AC +1)))


Message History

You feel stronger. x2
The ooze hits you but does no damage.
You hit the ooze but do no damage.
* * * LOW HITPOINT WARNING * * *
You feel sick. The ooze hits you.
* * * LOW HITPOINT WARNING * * *
You barely miss the ooze. The ooze hits you but does no damage.
You barely miss the ooze. The ooze hits you but does no damage.
You completely miss the ooze.
* * * LOW HITPOINT WARNING * * *
You feel sick. The ooze hits you but does no damage.
You hit the ooze.
The ooze is moderately wounded.
The ooze hits you but does no damage.
You hit the ooze.
The ooze is heavily wounded.
The ooze hits you but does no damage.
You hit the ooze but do no damage.
The ooze is heavily wounded.
You die...

#.......... .. .......... ..
#......... ... #......... # ##
#.. #......... .#..#
#..####.##########.....
#.....#.......%.....#.#..
#.................$.#.#..
##.#.#.#........♣J........
.......#.........†........##+##
.......#......................#
.......#..............(....[..#
.......#.............##.#..#..#
..###..#.............+.....<..###
..###..#.............#.....#..##.
..#....#.............#..#..#.....
..#.##.# #.......##..


You could see an ooze.

Vanquished Creatures
  An adder (D:2)
  An ooze (D:2)
  A leopard gecko (D:1)
  3 giant cockroaches
  A goblin (D:2)
  A hobgoblin (D:1)
  A jackal (D:1)
  3 bats
  A frilled lizard (D:1)
  2 kobolds
  3 rats (D:1)
18 creatures vanquished.

Notes
Turn   | Place    | Note
-------+----------+-------------------------------------------
     0 | D:1      | Naow the Ogre Hunter began the quest for the Orb.
     0 | D:1      | Reached XP level 1. HP: 22/22 MP: 1/1
   207 | D:1      | Reached XP level 2. HP: 26/31 MP: 2/2
   720 | D:2      | Reached skill level 1 in Maces & Flails
   948 | D:2      | HP: 2/48 [poisoned by an adder]
   949 | D:2      | Reached XP level 3. HP: 3/39 MP: 3/3
   953 | D:2      | HP: 1/58 [poisoned by an adder]
   956 | D:2      | Succumbed to an adder's poison

Vault maps used:
D:1:      eino_arrival_water_star, minmay_heptomino_l4

Skill      XL: |  1  2 |
---------------+-------+-----
Fighting       | 3 4 |  4.2
Maces & Flails | 1 |  1.6
Throwing       | |  4.0
Dodging        | |  1.7
Stealth        | |  0.6

Action                   || total
-------------------------++-------
Melee: Short sword       ||    42
       Mace              ||    31
  Use: Scroll            ||     3
       Potion            ||     3
 Stab: Sleeping          ||     3
       Invisible         ||     1
Armor: Robe              ||    24
       Skin              ||    23
Dodge: Dodged            ||    37
